 Dungeon Crawl Stone Soup version 0.23.0 (webtiles) character file.

Game seed: 5653090490585375257

114 Revguard the Digger (level 4, -6/24 HPs)
             Began as a Gargoyle Earth Elementalist on Feb 18, 2019.
             Mangled by Sigmund
             ... wielding a +0 scythe
              (8 damage)
             ... on level 3 of the Dungeon.
             The game lasted 00:08:17 (1330 turns).

Revguard the Digger (Gargoyle Earth Elementalist)   Turns: 1330, Time: 00:08:18

Health: -6/24      AC:  9    Str: 11    XL:     4   Next: 98%
Magic:  1/8        EV: 12    Int: 17    God:
Gold:   80         SH:  3    Dex: 10    Spells: 3/9 levels left

rFire    . . .     SeeInvis .   (no weapon)
rCold    . . .     Gourm    .   (no shield)
rNeg     + . .     Faith    .   c - +0 robe
rPois    ∞         Spirit   .   (no helmet)
rElec    +         Reflect  +   (no cloak)
rCorr    .         Harm     .   (no gloves)
MR       .....                  (no boots)
Stlth    ++........             e - +3 amulet of reflection
HPRegen  0.08/turn              l - +4 ring of protection
MPRegen  0.11/turn              (no ring)

@: no status effects
A: negative energy resistance 1, electricity resistance, unbreathing,
petrification resistance, rot immunity, AC +3
a: no special abilities


You were on level 3 of the Dungeon.
You were not hungry.

You visited 1 branch of the dungeon, and saw 3 of its levels.

You collected 80 gold pieces.

Inventory:

Missiles
 b - 17 stones (quivered)
Armour
 c - a +0 robe (worn)
Jewellery
 e - a +3 amulet of reflection (around neck)
 l - a +4 ring of protection (left hand)
Scrolls
 g - 2 scrolls of enchant weapon {unknown}
 h - a scroll of remove curse {unknown}
 k - a scroll of teleportation {unknown}
Potions
 a - a potion of flight {unknown}
 f - a potion of might {unknown}
 j - a potion of ambrosia {unknown}
 m - 2 potions of curing {unknown}
Comestibles
 d - 4 rations


   Skills:
 + Level 0.2 Fighting
 * Level 1.3 Armour
 + Level 1.8 Dodging
 - Level 2.2 Stealth
 + Level 3.1 Spellcasting
 + Level 0.2 Conjurations
 + Level 0.7 Transmutations
 + Level 5.2 Earth Magic


You had 3 spell levels left.
You knew the following spells:

 Your Spells              Type           Power        Failure   Level  Hunger
a - Sandblast             Erth           ###...       1%          1    None
b - Passwall              Tmut/Erth      ##......     8%          2    ##.....
c - Stone Arrow           Conj/Erth      ##....       17%         3    ###....

Your spell library contained the following spells:

 Spells                   Type           Power        Failure   Level  Hunger
 Petrify                  Tmut/Erth      ##......     45%         4    ####...
 Lee's Rapid Deconstruct  Erth           ###.......   50%         5    ######.


Dungeon Overview and Level Annotations

Branches:
Dungeon (3/15)

Altars:
Yredelemnul

Annotations:
D:3 Sigmund


Innate Abilities, Weirdness & Mutations

You are resistant to torment.
Your stone body is resilient. (AC +3)
You are immune to poison.
You resist negative energy. (rN+)
You are resistant to electric shocks. (rElec)
You can survive without breathing.
You are immune to petrification.
You are immune to rotting.


Message History

Something hits you but does no damage.
You feel less confused.
You see here 9 gold pieces.
You now have 80 gold pieces (gained 9).
Something hits you but does no damage.
Casting: Stone Arrow (safe; 17% risk of failure)
Confirm with . or Enter, or press ? or * to list all spells.
You can't see any susceptible monsters within range! (Use Z to cast anyway.)
Casting: Stone Arrow (safe; 17% risk of failure)
Confirm with . or Enter, or press ? or * to list all spells.
Aiming: Stone Arrow (safe; 17% risk of failure)
Press: ? - help, Shift-Dir - straight line Something hits you but does no damage.
Your magical contamination has completely faded away.
Something hits you!
Ouch! That really hurt!
Something hits you!
* * * LOW HITPOINT WARNING * * *
You closely miss something. Something hits you!
You die...

...
.#.#########.#
#
........>..#.#
..#
.#.#.##.##.#.#
#...#
#.......#†.<..#
#.##..#<......#
#.##..#.#.....#
#.##..#.#.....#
#@#...#.# #...#
#.#...#.. ....
#.......# .##
#######.# # ...


There were no monsters in sight!

Vanquished Creatures
  Natasha (thrice) (D:2)
  An adder (D:2)
  2 leopard geckos
  A giant cockroach (D:1)
  5 goblins
  A hobgoblin (D:1)
  4 jackals (D:2)
  A ball python (D:1)
  5 bats
  2 frilled lizards (D:1)
  3 kobolds
  4 rats (D:1)
32 creatures vanquished.

Notes
Turn   | Place    | Note
-------+----------+-------------------------------------------
     0 | D:1      | Revguard the Gargoyle Earth Elementalist began the quest
                  | for the Orb.
     0 | D:1      | Reached XP level 1. HP: 10/10 MP: 3/3
   111 | D:1      | Reached skill level 4 in Earth Magic
   148 | D:1      | Reached XP level 2. HP: 15/15 MP: 0/5
   178 | D:1      | Learned a level 2 spell: Passwall
   555 | D:2      | Reached XP level 3. HP: 19/19 MP: 1/6
   560 | D:2      | Learned a level 3 spell: Stone Arrow
   668 | D:2      | Found a basalt altar of Yredelemnul.
   791 | D:2      | Found a faded altar of an unknown god.
   816 | D:2      | Noticed Natasha
   845 | D:2      | Killed Natasha
   845 | D:2      | Reached skill level 1 in Armour
   845 | D:2      | Reached XP level 4. HP: 21/24 MP: 0/8
   950 | D:2      | Noticed Natasha
   955 | D:2      | Killed Natasha
   955 | D:2      | Reached skill level 5 in Earth Magic
  1155 | D:2      | Noticed Natasha
  1161 | D:2      | Killed Natasha
  1303 | D:3      | Noticed Sigmund
  1330 | D:3      | Mangled by Sigmund

Skill      XL: |  1  2  3  4 |
---------------+-------------+-----
Earth Magic    | 4 5 |  5.2
Armour         | 1 |  1.3
Spellcasting   | 3 |  3.1
Fighting       | |  0.2
Dodging        | |  1.8
Stealth        | |  2.2
Conjurations   | |  0.2
Transmutations | |  0.7

Action                   |  1- 3 |  4- 6 || total
-------------------------+-------+-------++-------
Melee: Unarmed           |    36 |     1 ||    37
 Cast: Sandblast         |    35 |     3 ||    38
       Stone Arrow       |     4 |     6 ||    10
  Use: Potion            |     3 |       ||     3
  Eat: Ration            |       |     1 ||     1
Armor: Robe              |    17 |     4 ||    21
       Skin              |     5 |       ||     5
Dodge: Dodged            |    32 |     1 ||    33
Block: Other             |     2 |       ||     2
